 Dungeon Crawl Stone Soup version 0.30.0-5-g1a98f26d00 (webtiles) character file.

Game seed: 8796858407027175301

6 Jackthecabe the Charlatan (level 1, -1/12 HPs)
             Began as a Deep Elf Artificer on May 13, 2023.
             Slain by a hobgoblin (3 damage)
             ... on level 1 of the Dungeon.
             The game lasted 00:01:07 (57 turns).

Jackthecabe the Charlatan (Deep Elf Artificer)        Turns: 57, Time: 00:01:08

Health: -1/12      AC:  3    Str:  9    XL:     1   Next: 75%
Magic:  3/3        EV: 12    Int: 15    God:
Gold:   8          SH:  0    Dex: 15    Spells: 0/0 levels left

rFire   . . .        a - +0 club
rCold   . . .        (no shield)
rNeg    . . .        b - +0 leather armour
rPois   .            (no helmet)
rElec   .            (no cloak)
rCorr   .            (no gloves)
SInv    .            (no boots)
Will    .....        (no amulet)
Stlth   ++           (no ring)
HPRegen 0.22/turn    (no ring)
MPRegen 0.08/turn

%: no passive effects
@: no status effects
A: no striking features
a: no special abilities


You were on level 1 of the Dungeon.
You visited 1 branch of the dungeon, and saw 1 of its levels.

You collected 8 gold pieces.


   Skills:
 + Level 1.5 Fighting
 - Level 0.7 Armour
 - Level 2.4 Dodging
 - Level 1.2 Stealth
 - Level 3.2 Evocations


You couldn't memorise any spells.
You didn't know any spells.
Your spell library was empty.

Inventory:

Hand Weapons
 a - a +0 club (weapon)
Armour
 b - a +0 leather armour (worn)
Wands
 c - a wand of flame (10) (quivered)
 d - a wand of charming (15)
 e - a wand of iceblast (5)

Dungeon Overview and Level Annotations

Branches:
Dungeon (1/15)

Altars:

.......########.
..........#.....#
.....[..........
####.........K....
..................
.........b....... ..
#...†...J..... ..
#..g#.........
...#..#..#@.!#..... .#..
..#..#..#......#
..#..#.#.#..#......## .
...#.#.#.#.#...#...# ..#
..#.#.#.#..##?.....
...##.#...#.##........ ..
....#...[.#........$.
...######...<...######....
#........#.....#.... .r.


You could see an endoplasm, a hobgoblin, a bat and a kobold.


Message History

A jackal comes into view.
The bat barely misses you.
Aiming: Throw Flame
Press: ? - help, Shift-Dir - straight line, f - jackal
Aim: a jackal (64% to hit)
The puff of flame hits the jackal!
You kill the jackal!
The jackal barks!
You hear a shout!
The bat barely misses you.
Aiming: Throw Flame
Press: ? - help, Shift-Dir - straight line, f - jackal
Aim: a jackal (64% to hit)
The puff of flame hits the jackal.
The jackal is almost dead.
The bat closely misses you. The hobgoblin hits you.
* * * LOW HITPOINT WARNING * * *
A kobold comes into view. It is wielding a +0 short sword.
Aiming: Throw Flame
Press: ? - help, Shift-Dir - straight line, f/p - jackal
Aim: a jackal (almost dead, 64% to hit)
The puff of flame misses the bat.
The puff of flame hits the jackal.
You kill the jackal!
The bat hits you but does no damage. The hobgoblin barely misses you.
Unknown command.
You closely miss the hobgoblin. The hobgoblin hits you.
* * * LOW HITPOINT WARNING * * *
Unknown command.
You closely miss the hobgoblin. The bat closely misses you.
The hobgoblin hits you.
You die...

Skill      XL: |  1 |
---------------+----+-----
Fighting       | 1 |  1.5
Armour         | |  0.7
Dodging        | |  2.4
Stealth        | |  1.2
Evocations     | |  3.2

Action                     || total
---------------------------++-------
  Melee: Club              ||     6
  Evoke: Wand              ||     5
 Armour: Leather armour    ||     7
  Dodge: Dodged            ||    14

Levels and vault maps discovered:
D:1:      minmay_arrival_radiant_lines, layout_rooms,
          shapermc_ecumenical_altar_flowoftime, grunt_decor_mini_mirrors,
          minmay_heptomino_w4

Notes
Turn   | Place    | Note
-------+----------+-------------------------------------------
     0 | D:1      | Jackthecabe the Deep Elf Artificer began the quest for the
                  | Orb.
     0 | D:1      | Reached XP level 1. HP: 11/11 MP: 3/3
    51 | D:1      | Reached skill level 1 in Fighting
    56 | D:1      | HP: 1/12 [hobgoblin (3)]
    57 | D:1      | Slain by a hobgoblin

Vanquished Creatures
  3 jackals (D:1)
  A quokka (D:1)
  A ball python (D:1)
5 creatures vanquished.

Table legend: (Time is in decaauts)
 A = Elapsed time spent in this place.
 B = Non-inter-level travel time spent in this place.
 C = Inter-level travel time spent in this place.
 D = Time resting spent in this place.
 E = Time spent auto-exploring this place.
 F = Levels seen in this place.
 G = Mean time per level.
                   A        B        C        D        E       F      G
               +--------+--------+--------+--------+--------+-----+--------+
         Total |     58 |     58 |      0 |      0 |      4 |   1 |   58.0 |
       Dungeon |     58 |     58 |      0 |      0 |      4 |   1 |   58.0 |
               +--------+--------+--------+--------+--------+-----+--------+

Top non-repeatable levels by time:
     D:1: 58 daAuts

Table legend:
 A = Non-vault XP
 B = Vault XP
 C = Vault XP percentage of total XP
 D = Non-vault monster count
 E = Vault monster count
 F = Vault count percentage of total count
                 A         B        C        D         E       F
            +---------+---------+-------+---------+---------+-------
      Total |       9 |       0 |   0.0 |       5 |       0 |   0.0
            +---------+---------+-------+---------+---------+-------
        D:1 |       9 |       0 |   0.0 |       5 |       0 |   0.0
            +---------+---------+-------+---------+---------+-------
